 Dungeon Crawl Stone Soup version 0.30-a0-802-gb92711bcdf (webtiles) character file.

Game seed: 9922463814843078918

835 Iich the Cleaver (level 7, -8/66 HPs)
             Began as a Hill Orc Fighter on Feb 25, 2023.
             Shot with an arrow by a centaur (10 damage)
             ... on level 5 of the Dungeon.
             The game lasted 00:06:58 (4799 turns).

Iich the Cleaver (Hill Orc Fighter)                 Turns: 4799, Time: 00:06:58

Health: -8/66      AC:  6    Str: 19    XL:     7   Next: 99%
Magic:  7/7        EV:  9    Int:  8    God:
Gold:   253        SH:  4    Dex: 12    Spells: 6/6 levels left

rFire   + . .      SeeInvis .    a - +0 war axe
rCold   . . .      Faith    .    c - +0 buckler
rNeg    . . .      Spirit   .    m - +0 scale mail {rF+} {lmao}
rPois   +          Reflect  .    (no helmet)
rElec   .          Harm     .    (no cloak)
rCorr   +          Rampage  .    (no gloves)
Will    .....                    (no boots) Stlth
                                 (no amulet)
HPRegen 0.31/turn                e - ring of resist corrosion
MPRegen 0.10/turn                b - ring of poison resistance

@: no status effects
A: no striking features
a: no special abilities


You were on level 5 of the Dungeon.
You visited 1 branch of the dungeon, and saw 5 of its levels.

You collected 253 gold pieces.

Inventory:

Hand Weapons
 a - a +0 war axe (weapon)
Armour
 c - a +0 buckler (worn)
 m - a +0 scale mail of fire resistance (worn) {lmao}
Jewellery
 b - a ring of poison resistance (right hand)
 e - a ring of resist corrosion (left hand)
 i - a ring of resist corrosion
 u - a ring of ice
Wands
 p - a wand of light (10)
Scrolls
 j - a scroll of poison
 k - a scroll of fear
 q - a scroll of acquirement {unknown}
 r - a scroll of noise {unknown}
 s - a scroll of vulnerability {unknown}
 t - a scroll of identify
Potions
 d - a potion of might
 f - a potion of attraction
 g - a potion of mutation
 h - 2 potions of curing
 l - a potion of haste {unknown}
 n - a potion of lignification


   Skills:
 + Level 7.0 Fighting
 * Level 9.7 Axes
 - Level 3.2 Armour
 - Level 3.2 Shields


You had 6 spell levels left.
You didn't know any spells.
Your spell library contained the following spells:

 Spells                   Type           Power      Damage    Failure   Level
 Magic Dart               Conj           0%         1d3       86%         1
 Call Imp                 Summ           0%         N/A       95%         2
 Searing Ray              Conj           0%         2d4       95%         2
 Dazzling Flash           Conj/Hex       0%         N/A       99%         3
 Mephitic Cloud           Conj/Pois/Air  0%         N/A       99%         3
 Fulminant Prism          Conj/Hex       0%         3d5       100%        4
 Agony                    Necr           0%         N/A       100%        5
 Silence                  Hex/Air        0%         N/A       100%        5


Dungeon Overview and Level Annotations

Branches:
Dungeon (5/15)
 Temple: D:4-7

Altars:
Elyvilon
Ru
Yredelemnul
Zin

Shops:
D:2 !


Message History

You kill the gnoll!
You hit the gnoll.
You kill the gnoll!
You slash the gnoll! The gnoll hits you but does no damage.
The gnoll hits you with a +0 club.
You barely miss the gnoll.
The gnoll is severely wounded.
You hit the gnoll but do no damage. The gnoll barely misses you.
The gnoll closely misses you.
You barely miss the gnoll.
The gnoll is severely wounded.
You hit the gnoll.
You kill the gnoll!
The gnoll hits you with a +0 club.
Your Fighting skill increases to level 7!
You slash the gnoll!
You kill the gnoll!
Found a stone staircase leading down.
Things that are here:
a +0 club; a gnoll corpse A centaur comes into view.
You are too injured to fight recklessly!
You are too injured to fight recklessly!
The centaur shouts!
The centaur wields a +0 shortbow.
The centaur shoots an arrow.
The arrow closely misses you.
The centaur shoots an arrow.
The arrow hits you!
Things that are here:
a +0 whip; a gnoll corpse The centaur shoots an arrow.
The arrow hits you.
The centaur shoots an arrow.
The arrow hits you!
* * * LOW HITPOINT WARNING * * *
The centaur shoots an arrow.
The arrow hits you!
* * * LOW HITPOINT WARNING * * *
The centaur shoots an arrow.
The arrow hits you.
* * * LOW HITPOINT WARNING * * *
The centaur shoots an arrow.
The arrow hits you!
* * * LOW HITPOINT WARNING * * *
The centaur shoots an arrow.
You block the arrow.
The centaur shoots an arrow.
The arrow hits you!
You die...

##########
#........# .#
#..†..$..###### .#
##.##@...†....##..
.#
#...#....)()......
.#
#.8.#....)).......
..
#...#.............
..
##.##.............
..
#.###............
.. #.#
######....... #.
... c...... ._.
.......


You could see a centaur.

Vanquished Creatures
  A black bear (D:4)
  An ice beast (D:5)
  An ogre (D:5)
  A phantom (D:4)
  A scorpion (D:5)
  2 hounds
  2 orc priests
  An iguana (D:4)
  A jelly (D:5)
  Terence (D:3)
  A scorpion zombie (D:3)
  An orc wizard (D:4)
  4 gnolls (D:5)
  4 adders
  A white imp (D:5)
  A worm (D:5)
  2 dart slugs (D:3)
  8 orcs
  2 bats (D:1)
  12 endoplasms
  2 giant cockroaches
  7 goblins
  4 hobgoblins
  8 jackals
  8 kobolds
  4 quokkas
  6 ball pythons
  7 frilled lizards
  A giant cockroach zombie (D:3)
  9 rats
104 creatures vanquished.

Notes
Turn   | Place    | Note
-------+----------+-------------------------------------------
     0 | D:1      | Iich the Hill Orc Fighter began the quest for the Orb.
     0 | D:1      | Reached XP level 1. HP: 19/19 MP: 1/1
    65 | D:1      | Reached skill level 3 in Axes
    65 | D:1      | You fall into a shaft and drop 1 floor!
   147 | D:2      | Reached XP level 2. HP: 27/27 MP: 2/2
   371 | D:1      | Reached skill level 4 in Axes
   451 | D:1      | Reached XP level 3. HP: 33/33 MP: 3/3
   819 | D:1      | Found a faded altar of an unknown god.
  1594 | D:2      | Reached XP level 4. HP: 39/41 MP: 4/4
  1724 | D:2      | Found Irghoh Woeverr's Distillery.
  1775 | D:3      | Noticed Terence
  1781 | D:3      | Killed Terence
  1782 | D:3      | Reached skill level 5 in Axes
  2204 | D:3      | Reached XP level 5. HP: 14/47 MP: 5/5
  2410 | D:3      | Reached skill level 6 in Axes
  2637 | D:3      | Reached skill level 5 in Fighting
  2699 | D:3      | Found a basalt altar of Yredelemnul.
  2971 | D:4      | Reached XP level 6. HP: 30/56 MP: 6/6
  3247 | D:4      | Found a sacrificial altar of Ru.
  3640 | D:4      | Noticed a black bear
  3650 | D:4      | Killed a black bear
  3651 | D:4      | Reached skill level 7 in Axes
  3664 | D:4      | Reached skill level 8 in Axes
  3664 | D:4      | Reached XP level 7. HP: 16/63 MP: 7/7
  3831 | D:4      | Found a glowing silver altar of Zin.
  3933 | D:5      | Entered Level 5 of the Dungeon
  4484 | D:5      | Reached skill level 9 in Axes
  4571 | D:5      | Found a white marble altar of Elyvilon.
  4798 | D:5      | HP: 2/66 [centaur/arrow (8)]
  4799 | D:5      | Shot with an arrow by a centaur

Illustrated notes

Levels and vault maps discovered:
D:1:      saegor_arrival_simple_c, layout_loops_corners,
          shapermc_ecumenical_altar_notcrosses
D:2:      layout_loops_cross, serial_shops, shop
D:3:      layout_loops_cross, lemuel_zombie_altar_yredelemnul, uniq_terence
D:4:      layout_loops_ring, zin_treasury, nicolae_ru_sacrificial_ziggurat
D:5:      layout_rooms, elyvilon_altar_1

Skill      XL: |  1  2  3  4  5  6  7 |
---------------+----------------------+-----
Axes           | 3 4 5 6 8 9 |  9.7
Fighting       | 4 5 6 7 |  7.0
Armour         | |  3.2
Shields        | |  3.2

Action                     |  1- 3 |  4- 6 |  7- 9 || total
---------------------------+-------+-------+-------++-------
  Melee: War axe           |   112 |   132 |    73 ||   317
    Use: Scroll            |     2 |     4 |     1 ||     7
         Potion            |     2 |     2 |     1 ||     5
 Armour: Scale mail        |    55 |    51 |    26 ||   132
  Dodge: Dodged            |    56 |    43 |    38 ||   137
  Block: Buckler           |    40 |    32 |    17 ||    89

Table legend: (Time is in decaauts)
 A = Elapsed time spent in this place.
 B = Non-inter-level travel time spent in this place.
 C = Inter-level travel time spent in this place.
 D = Time resting spent in this place.
 E = Time spent auto-exploring this place.
 F = Levels seen in this place.
 G = Mean time per level.
                   A        B        C        D        E       F      G
               +--------+--------+--------+--------+--------+-----+--------+
         Total |   4876 |   4687 |    189 |    503 |   3473 |   5 |  975.2 |
       Dungeon |   4876 |   4687 |    189 |    503 |   3473 |   5 |  975.2 |
               +--------+--------+--------+--------+--------+-----+--------+

Top non-repeatable levels by time:
     D:4: 1466 daAuts
     D:3: 1047 daAuts
     D:1: 1003 daAuts
     D:2: 812 daAuts
     D:5: 547 daAuts
